 Dungeon Crawl Stone Soup version 0.30-a0-377-g5cb311bc9f (webtiles) character file.

Game seed: 7628872216230421793

8 avis the Chiller (level 1, 0/14 HPs)
             Began as a Demigod Ice Elementalist on Nov 29, 2022.
             Slain by a quokka (4 damage)
             ... on level 1 of the Dungeon.
             The game lasted 00:01:00 (92 turns).

avis the Chiller (Demigod Ice Elementalist)           Turns: 92, Time: 00:01:01

Health: 0/14       AC:  2    Str:  9    XL:     1   Next: 80%
Magic:  0/5        EV: 12    Int: 17    God:
Gold:   19         SH:  0    Dex: 14    Spells: 2/3 levels left

rFire   . . .      SeeInvis .    (no weapon)
rCold   . . .      Faith    .    (no shield)
rNeg    . . .      Spirit   .    a - +0 robe
rPois   .          Reflect  .    (no helmet)
rElec   .          Harm     .    (no cloak)
rCorr   .          Rampage  .    (no gloves)
Will    .....                    (no boots)
Stlth   ++........               (no amulet)
HPRegen 0.22/turn                (no ring)
MPRegen 0.09/turn                (no ring)

@: no status effects
A: high MP 1, forlorn, divine attributes
a: no special abilities


You were on level 1 of the Dungeon.
You visited 1 branch of the dungeon, and saw 1 of its levels.

You collected 19 gold pieces.

Inventory:

Armour
 a - a +0 robe (worn)
Potions
 b - a potion of magic


   Skills:
 - Level 1.7 Dodging
 - Level 1.7 Stealth
 * Level 1.9 Spellcasting
 - Level 4.0 Ice Magic


You had 2 spell levels left.
You knew the following spells:

 Your Spells              Type           Power      Damage    Failure   Level
a - Freeze                Ice            60%        1d7       3%          1

Your spell library contained the following spells:

 Spells                   Type           Power      Damage    Failure   Level
 Frozen Ramparts          Ice            30%        1d5       12%         3
 Ozocubu's Armour         Ice            15%        N/A       12%         3
 Summon Ice Beast         Ice/Summ       8%         N/A       65%         4


Dungeon Overview and Level Annotations

Branches:
Dungeon (1/15)


Innate Abilities, Weirdness & Mutations

You have an increased reservoir of magic. (+10% MP)
You shall have no god before yourself.
Your divine heritage dramatically boosts your attributes as you level up.


Message History

Training target 4.0 for Ice Magic reached!
Your Ice Magic skill increases to level 4!
You need to enable at least one skill for training.
Casting: Freeze (safe; 3% risk of failure)
Confirm with . or Enter, or press ? or * to list all spells.
Aiming: Freeze (safe; 3% risk of failure)
Press: ? - help, Shift-Dir - straight line, f - jackal
Aim: a jackal You freeze the jackal.
The jackal is moderately wounded.
The jackal closely misses you. The jackal barely misses you.
You hit the jackal.
The jackal is heavily wounded.
The jackal misses you.
You hit the jackal but do no damage.
The jackal is heavily wounded.
The jackal closely misses you.
You closely miss the jackal.
The jackal is heavily wounded.
The jackal bites you. The jackal misses you.
You hit the jackal but do no damage.
The jackal is heavily wounded.
The jackal bites you.
You hit the jackal but do no damage.
The jackal is heavily wounded.
The jackal barely misses you. The jackal closely misses you.
Casting: Freeze (safe; 3% risk of failure)
Confirm with . or Enter, or press ? or * to list all spells.
Aiming: Freeze (safe; 3% risk of failure)
Press: ? - help, Shift-Dir - straight line, f/p - jackal
Aim: a jackal (heavily wounded)
You freeze the jackal.
You kill the jackal!
You barely miss the quokka. The quokka misses you.
You miss the quokka. The quokka bites you. x2
You closely miss the quokka. The quokka barely misses you.
You closely miss the quokka. The quokka bites you.
* * * LOW HITPOINT WARNING * * *
You hit the quokka but do no damage. The quokka bites you.
You die...

#..~~~~~..<..~~~~~
#....~~~~...~~~~..
##.....~~~~~~~....
##...~..~~~..~...
#8..~....~....~..
##
#.....#..~..#....
.h
....####...####..
.# ..##
##.#######..#.## #
#....@r.."....#
#############..


You could see a quokka.

Vanquished Creatures
  A dart slug (D:1)
  An endoplasm (D:1)
  3 jackals (D:1)
5 creatures vanquished.

Notes
Turn   | Place    | Note
-------+----------+-------------------------------------------
     0 | D:1      | avis the Demigod Ice Elementalist began the quest for the
                  | Orb.
     0 | D:1      | Reached XP level 1. HP: 14/14 MP: 5/5
    81 | D:1      | Reached skill level 4 in Ice Magic
    92 | D:1      | Slain by a quokka

Illustrated notes

Levels and vault maps discovered:
D:1:      eino_arrival_water_star, layout_basic, grunt_decor_one_mirror

Skill      XL: |  1 |
---------------+----+-----
Ice Magic      | 4 |  4.0
Dodging        | |  1.7
Stealth        | |  1.7
Spellcasting   | |  1.9

Action                   || total
-------------------------++-------
Melee: Unarmed           ||    10
 Cast: Freeze            ||    10
Armor: Robe              ||     1
Dodge: Dodged            ||    16

Table legend: (Time is in decaauts)
 A = Elapsed time spent in this place.
 B = Non-inter-level travel time spent in this place.
 C = Inter-level travel time spent in this place.
 D = Time resting spent in this place.
 E = Time spent auto-exploring this place.
 F = Levels seen in this place.
 G = Mean time per level.
                   A        B        C        D        E       F      G
               +--------+--------+--------+--------+--------+-----+--------+
         Total |     93 |     93 |      0 |     39 |      7 |   1 |   93.0 |
       Dungeon |     93 |     93 |      0 |     39 |      7 |   1 |   93.0 |
               +--------+--------+--------+--------+--------+-----+--------+

Top non-repeatable levels by time:
     D:1: 93 daAuts
